Map: Ultralove

Players

BabyMarine

  • Race: Terran Terran
  • Spawn Location: 1:00

Spirit (souL) - Winner!

  • Race: Terran Terran
  • League: Master
  • Spawn Location: 7:00

VOD

Have the link to the VOD?

Description

Time

  • Played on: July 17, 2025, 10:18 a.m.
  • Length: 3:31
Show
View Real Time Build Order
Export as new Build Order

BabyMarine Terran 

Build Orders:  

Get SALT Encoding   

  12  0:00  SCV  
  13  0:12  SCV  
  14  0:19  Supply Depot  
  14  0:41  Barracks  
  14  0:45  Refinery  
  14  0:54  Barracks  
  14  0:57  SCV  
  15  1:09  SCV  
  16  1:22  SCV, Refinery  
  17  1:29  Reaper  
  18  1:35  Orbital Command  
  18  1:47  Reaper  
  19  2:01  Reaper  
  19  2:02  SCV  
  19  2:05  Supply Depot  
  21  2:16  SCV  
  21  2:19  Reaper  
  23  2:24  Factory  
  23  2:29  SCV  
  24  2:36  Reaper  
  25  2:41  SCV  
  26  2:58  Reaper  
  27  3:04  SCV  
  28  3:10  Factory Tech Lab  
  27  3:14  Command Center  
  27  3:21  Starport  
Show
View Real Time Build Order
Export as new Build Order

Spirit Terran - Winner!

Build Orders:  

Get SALT Encoding   

  12  0:00  SCV  
  13  0:12  SCV  
  14  0:16  Supply Depot  
  14  0:24  SCV  
  15  0:38  SCV  
  15  0:41  Barracks  
  16  0:43  Refinery  
  16  0:50  SCV  
  16  0:52  Refinery  
  17  1:02  SCV  
  18  1:14  SCV  
  19  1:28  Reaper, Orbital Command  
  20  1:32  Supply Depot  
  20  1:40  Factory  
  20  1:54  SCV  
  20  2:00  Reaper  
  22  2:06  SCV  
  23  2:19  Command Center  
  23  2:20  SCV  
  24  2:25  Hellion  
  26  2:32  SCV  
  26  2:35  Reaper  
  28  2:44  Supply Depot  
  28  2:48  Hellion  
  29  2:57  Starport  
  29  2:59  SCV  
  30  3:11  SCV  
Tags
 
League
Master
Matchup
TvT
Race
Terran
Spawn Locations
Cross Positions
Add a new tag
Caveats
  • Supply blocks, unpowered buildings, or Contaminate may cause inaccurate times.
  • Supply counts are checked every 10 seconds.